Map: Ruins of Seras

Players

ShoWTimE

  • Race: Protoss Protoss
  • League: Master

FireCake - Winner!

  • Race: Zerg Zerg
  • League: Grandmaster

Event: Homestory Cup XII

VOD

Have the link to the VOD?

Description

Time

  • Played on: Dec. 20, 2015, 11:16 a.m.
  • Length: 15:15

All games in this series

Show
View Real Time Build Order
Export as new Build Order

ShoWTimE Protoss 

Build Orders: Nexus First, Colossus Rush 

Get SALT Encoding   

  12  0:01  Probe (Chrono Boost)  
  13  0:11  Probe (Chrono Boost)  
  14  0:18  Pylon  
  14  0:22  Probe (Chrono Boost)  
  15  0:36  Probe (Chrono Boost)  
  16  0:46  Probe (Chrono Boost)  
  17  1:02  Nexus  
  17  1:12  Gateway  
  17  1:15  Probe (Chrono Boost)  
  18  1:21  Assimilator  
  19  1:25  Probe (Chrono Boost)  
  19  1:29  Assimilator  
  19  1:36  Probe (Chrono Boost)  
  20  1:42  Gateway  
  20  1:46  Probe (Chrono Boost)  
  21  1:57  Probe (Chrono Boost)  
  21  2:00  Cybernetics Core  
  22  2:08  Probe (Chrono Boost)  
  23  2:14  Probe (Chrono Boost)  
  24  2:18  Probe (Chrono Boost)  
  25  2:24  Probe (Chrono Boost)  
  25  2:29  Probe (Chrono Boost)  
  27  2:35  Probe (Chrono Boost)  
  27  2:36  Adept x2 (Chrono Boost)  
  32  2:39  Probe  
  32  2:40  Warp Gate  
  33  2:46  Pylon  
  33  2:51  Mothership Core (Chrono Boost)  
  35  2:53  Probe (Chrono Boost)  
  36  3:03  Robotics Facility  
  36  3:05  Probe (Chrono Boost)  
  37  3:10  Probe (Chrono Boost)  
  38  3:15  Probe (Chrono Boost)  
  38  3:17  Pylon  
  39  3:20  Adept  
  39  3:21  Probe (Chrono Boost)  
  39  3:26  Probe (Chrono Boost)  
  43  3:31  Probe (Chrono Boost)  
  44  3:37  Probe (Chrono Boost)  
  45  3:42  Probe (Chrono Boost)  
  45  3:47  Probe (Chrono Boost)  
  47  3:52  Probe (Chrono Boost), Pylon  
  48  3:57  Robotics Bay  
  48  3:58  Probe (Chrono Boost), Warp Prism (Chrono Boost)  
  48  4:01  Pylon  
  51  4:03  Probe (Chrono Boost)  
  51  4:04  Assimilator  
  51  4:08  Probe (Chrono Boost), Assimilator  
  53  4:11  Pylon  
  53  4:12  Probe (Chrono Boost)  
  54  4:25  Gateway  
  54  4:26  Gateway  
  54  4:29  Gateway  
  54  4:40  Disruptor (Chrono Boost)  
  54  4:45  Gateway x2, Gravitic Drive (Chrono Boost)  
  57  4:50  Sentry x2  
  61  4:53  Pylon  
  61  5:04  Gateway  
  61  5:07  Colossus  
  67  5:21  Sentry  
  67  5:22  Adept x3  
  67  5:24  Pylon  
  75  5:35  Stalker  
  77  5:47  Stalker, Adept x4  
  87  5:52  Stalker  
  89  6:05  Pylon  
  89  6:07  Pylon  
  89  6:08  Observer  
  90  6:13  Pylon  
  90  6:24  Stalker x5  
  100  6:26  Stalker  
  102  6:35  Probe  
  102  6:37  Warp Prism  
  103  6:45  Stalker x2  
  102  7:00  Stalker  
  102  7:01  Stalker x3  
  90  7:17  Disruptor  
  69  7:26  Stalker, Adept x3  
  69  7:27  Stalker x2  
  79  7:37  Probe x2, Twilight Council  
  79  7:42  Pylon  
  79  7:53  Disruptor  
  79  7:54  Stalker  
  79  7:55  Stalker x2  
  88  8:05  Adept x3  
  90  8:09  Adept  
  96  8:14  Adept  
  98  8:23  Adept x3  
  104  8:31  Adept  
  104  8:32  Adept x2  
  110  8:45  Sentry x2  
  110  8:46  Adept x2  
  118  8:50  Zealot  
  118  8:53  Stalker  
  120  9:07  Stalker  
  120  9:08  Stalker x2  
  126  9:18  Pylon  
  126  9:28  Stalker x2  
  125  9:43  Stalker x2  
  125  9:44  Stalker x2  
  97  10:00  Stalker x2  
  97  10:01  Stalker x2  
  74  10:27  Charge (Chrono Boost)  
  74  10:37  Observer  
  74  10:38  Pylon  
  71  10:52  Zealot x3  
  71  10:53  Immortal, Zealot x2  
  85  11:07  Pylon  
  85  11:11  Nexus  
  85  11:19  Templar Archives  
  85  11:27  Immortal  
  85  11:28  Zealot  
  91  11:39  Pylon  
  91  11:44  Zealot x2  
  95  11:54  Zealot  
  95  11:55  Zealot  
  95  12:00  High Templar  
  101  12:03  High Templar  
  101  12:07  Archon  
  101  12:08  High Templar x2  
  105  12:13  Archon  
  105  12:14  Zealot  
  108  12:29  Zealot x3  
  91  12:39  Zealot  
  82  12:45  Zealot x2  
  69  12:51  Zealot x2  
  69  12:53  Probe  
  69  12:55  Probe  
  73  13:01  Zealot x2  
  77  13:06  Zealot  
  77  13:08  Immortal  
  82  13:20  Zealot  
  82  13:21  Zealot  
  74  13:27  Zealot  
  74  13:37  Zealot x2  
  74  13:38  Pylon  
  74  13:43  Zealot  
  74  13:45  Observer  
  69  13:51  Zealot  
  69  13:52  Zealot  
  69  13:57  High Templar x2  
  69  14:01  Archon  
  52  14:10  High Templar  
  52  14:12  High Templar  
  54  14:17  Archon  
  54  14:21  High Templar x2  
  57  14:25  Archon  
  57  14:26  Stalker  
  58  14:35  High Templar x2  
  62  14:39  Archon  
  62  14:43  Pylon  
  54  14:57  Sentry  
  54  14:58  Sentry  
  43  15:05  Sentry, Stalker  
Show
View Real Time Build Order
Export as new Build Order

FireCake Zerg - Winner!

Build Orders: 3 Hatch before Pool 

Get SALT Encoding   

  12  0:01  Drone  
  13  0:07  Drone  
  14  0:17  Overlord  
  14  0:21  Extractor  
  13  0:23  Drone  
  17  0:35  Drone x2  
  17  0:45  Drone  
  19  0:57  Drone  
  19  1:06  Hatchery  
  18  1:19  Hatchery  
  18  1:22  Drone  
  18  1:25  Drone  
  18  1:30  Drone  
  20  1:35  Extractor  
  20  1:38  Drone  
  20  1:46  Spawning Pool  
  19  1:51  Drone  
  20  2:01  Drone  
  21  2:11  Overlord  
  21  2:18  Drone  
  21  2:21  Drone  
  23  2:32  Queen x2  
  23  2:33  Queen  
  23  2:36  Drone  
  30  2:39  Drone  
  30  2:41  Drone  
  32  2:45  Drone  
  32  2:47  Drone  
  32  2:50  Drone  
  35  2:54  Overlord  
  35  3:00  Drone x2  
  37  3:09  Queen  
  39  3:14  Zergling x2  
  39  3:15  Zergling x6  
  39  3:18  Zergling x4  
  45  3:25  Overlord  
  45  3:38  Drone x5  
  45  3:39  Lair  
  47  3:46  Spore Crawler  
  45  3:48  Spore Crawler  
  45  3:51  Drone x5  
  51  3:56  Drone  
  51  3:57  Drone x2  
  51  4:00  Drone x2  
  56  4:07  Overlord  
  56  4:12  Extractor  
  56  4:13  Roach Warren, Extractor  
  53  4:19  Drone x2  
  53  4:20  Drone x2  
  57  4:27  Drone  
  57  4:28  Drone x7  
  65  4:38  Spire  
  65  4:44  Drone  
  65  4:45  Extractor  
  64  4:46  Overlord x2  
  64  4:47  Overlord  
  64  5:03  Overlord  
  64  5:05  Roach x4  
  64  5:06  Drone x3  
  75  5:07  Drone x5  
  75  5:13  Overlord  
  75  5:14  Overlord  
  80  5:15  Drone  
  81  5:22  Overseer  
  81  5:39  Drone  
  81  5:41  Drone x7  
  89  5:51  Mutalisk x2  
  89  5:52  Mutalisk x4  
  89  5:56  Extractor  
  100  5:57  Extractor  
  100  6:00  Overlord  
  100  6:02  Metabolic Boost  
  93  6:07  Evolution Chamber  
  93  6:08  Overlord  
  93  6:10  Zergling x20  
  102  6:17  Burrow  
  102  6:20  Overlord  
  102  6:23  Roach x2  
  106  6:25  Hatchery  
  105  6:36  Roach x7  
  107  6:42  Roach x6  
  102  6:47  Roach  
  102  6:51  Roach  
  96  6:55  Roach x2  
  90  7:09  Zergling x2  
  90  7:10  Zergling x20  
  90  7:22  Glial Reconstitution  
  76  7:25  Drone x3  
  79  7:33  Drone x3  
  82  7:44  Overlord  
  82  7:47  Drone x2  
  82  7:48  Drone x2  
  82  7:49  Drone  
  86  7:52  Queen  
  86  7:55  Drone  
  86  7:56  Drone  
  90  8:12  Mutalisk x4  
  92  8:15  Drone x4  
  102  8:23  Roach  
  102  8:24  Roach  
  106  8:33  Roach x4  
  114  8:40  Roach x2  
  118  8:42  Ravager x2  
  118  8:46  Roach x2  
  124  8:53  Overlord  
  123  8:59  Roach x3  
  126  9:08  Overlord x2  
  126  9:16  Roach  
  126  9:17  Roach x6  
  123  9:29  Roach x5  
  121  9:31  Ravager x2  
  121  9:32  Ravager x2  
  121  9:36  Roach x2  
  129  9:44  Roach x4  
  126  9:47  Roach  
  126  9:52  Roach  
  111  9:56  Roach  
  88  10:05  Roach x2  
  82  10:13  Roach x2  
  66  10:28  Roach x4  
  66  10:29  Drone x6  
  70  10:42  Drone x5  
  75  10:51  Mutalisk  
  77  10:58  Roach x2  
  80  11:09  Roach x3  
  85  11:14  Roach  
  85  11:15  Roach  
  89  11:28  Roach x5  
  99  11:36  Roach  
  99  11:37  Roach x2  
  105  11:48  Roach x4  
  113  11:57  Ravager  
  113  11:58  Ravager x7  
  121  12:02  Zergling x6  
  124  12:09  Zergling x2  
  124  12:10  Zergling x6  
  109  12:30  Roach x7  
  123  12:39  Roach  
  123  12:40  Roach x3  
  110  12:48  Roach x3  
  102  12:55  Roach x3  
  96  13:03  Roach x3  
  98  13:14  Roach x4  
  106  13:25  Roach  
  106  13:26  Roach x3  
  102  13:37  Roach x4  
  102  13:47  Roach x3  
  102  13:55  Roach x3  
  106  13:58  Roach x4  
  96  14:07  Roach x3  
  87  14:19  Roach x2  
  89  14:28  Ravager x3  
  92  14:37  Roach x5  
Tags
 
Add a new tag
Caveats
  • Supply blocks, unpowered buildings, or Contaminate may cause inaccurate times.
  • Supply counts are checked every 10 seconds.